AoeStats
← playboy

Arabia

506104797Analyzed
1v1 RM · 21d ago on Sep 12, 2026· 23m 34s· 2 players
Game mode
Random Map
Map size
Tiny (2 player)
Population
200
Speed
Normal
Resources
Standard
Victory
Conquest
Starting age
Dark Age
Ending age
Imperial Age
RankedLock teamsTeams togetherTeam positionsShared explorationLock speedFull tech treeHidden civsTurbo modeCheats
Victory
Defeat
🇺🇦 Vietnamese · Ukraine
1083
+15
🇨🇳 Romans · China
1064
-15
playboy
9:13 Feudal Age
10:06 Loom
10:24 Man-at-Arms
13:24 Scale Mail Armor
14:27 Double-Bit Axe
22:38 Castle Age
23:19 Squires
23:39 Chain Mail Armor
22:50 Long Swordsman
Poison
7:04 Loom
9:59 Feudal Age
11:21 Double-Bit Axe
17:26 Horse Collar
17:40 Gold Mining
17:46 Fletching
18:52 Padded Archer Armor
22:50 Castle Age
21:52 Wheelbarrow
23:27 Crossbowman
24:27 Hand Cart
Connection lost

Rejoining the realm…

Still unreachable

The connection could not be restored.

Session expired

The server has moved on; the page needs a fresh start.